 Dungeon Crawl Stone Soup version 0.27-a0-1359-ga2a4dfd6fd (webtiles) character file.

Game seed: 13343711149824523525

1 dinky3 the Sneak (level 1, 1/16 HPs)
             Began as an Octopode Delver on June 28, 2021.
             Quit the game on level 4 of the Dungeon.
             The game lasted 00:00:54 (137 turns).

dinky3 the Sneak (Octopode Delver)                   Turns: 137, Time: 00:00:55

Health: 1/16       AC:  1    Str: 11    XL:     1   Next: 20%
Magic:  1/1        EV: 13    Int: 12    God:
Gold:   0          SH:  0    Dex: 13    Spells: 0/0 levels left

rFire    . . .     SeeInvis .   c - +1 short sword (holy)
rCold    . . .     Faith    .   (no shield)
rNeg     . . .     Spirit   .   (helmet restricted)
rPois    .         Reflect  .   (no amulet)
rElec    .         Harm     .   (no ring)
rCorr    .         Rampage  .   (no ring)
Will     .....                  (no ring)
Stlth    ++++......             (no ring)
HPRegen  0.05/turn              (no ring)
MPRegen  0.07/turn              (no ring)
                                (no ring)
                                (no ring)

@: no status effects
A: almost no armour, amphibious, 8 rings, camouflage 1, gelatinous body 1,
(nimble swimmer 1), tentacles
a: no special abilities


You were on level 4 of the Dungeon.
You visited 1 branch of the dungeon, and saw 2 of its levels.

Inventory:

Hand Weapons
 a - a +0 short sword
 c - a +1 short sword of holy wrath (weapon)
Wands
 f - a wand of digging (3)
Scrolls
 b - a scroll of fog


   Skills:
 + Level 3.0 Fighting
 + Level 2.0 Short Blades
 - Level 2.0 Dodging
 + Level 6.6 Stealth


You couldn't memorise any spells.
You didn't know any spells.
Your spell library was empty.

Dungeon Overview and Level Annotations

Branches:
Dungeon (5/15)
 Temple: D:4-7

Altars:

Shops:
D:4 (*   D:5 [

Annotations:
D:5 Menkaure


Innate Abilities, Weirdness & Mutations

You cannot wear most types of armour.
You are amphibious.
You can wear up to eight rings at the same time.
Your skin changes colour to match your surroundings (Stealth+).
Your rubbery body absorbs attacks. (AC +1, EV +1)
((You are camouflaged near water. (Stealth+)))
You have tentacles for arms and can constrict up to eight enemies at once.


Message History

You completely miss the hound. Your grab misses the hound.
The hound bites you but does no damage. The hound barely misses you.
The hound bites you but does no damage.
Found a stone staircase leading down.
Okay, then.
The hound closely misses you.
You feel yourself speed up. The hound barely misses you.
Found a stone staircase leading up.
There is a stone staircase leading up here.
The hound completely misses you.
You climb upwards.
Found Zazuacet's Assorted Antiques.
There is a stone staircase leading down here.
The hound barely misses you.
A hound comes into view.
An endoplasm comes into view.
The hound bites you.
The endoplasm quivers.
You puncture the endoplasm!
You kill the endoplasm!
The hound bites you.
An adder skeleton comes into view.
Found a scale mail and a rapier.
Found Paudwor's Antique Weapon Boutique.
Your extra speed is starting to run out.
The hound bites you.
* * * LOW HITPOINT WARNING * * *
The hound closely misses you.
You feel yourself slow down.
The hound pauses to sniff the ground.
The hound barely misses you.
The hound pauses to sniff the ground.
The hound misses you. The hound bites you.
* * * LOW HITPOINT WARNING * * *
Unknown command.
Okay, then.
You aren't carrying any potions.
Are you sure you want to abandon this character and quit the game? (Confirm with "yes".)

##........####..##
#....##..# #...#
######..## ##..#
..####..# #..##
........### #...#
###.......# ##..##
##.........# ###...#####
#..........###.........#
...PPP......h@..###.###..
....∩P.......#### .#
...PPP......## .
............# .#
...........## #
.h.........# ...........#
...........# ..........>#


You could see a hound.

Vanquished Creatures
  An endoplasm (D:4)
1 creature vanquished.

Notes
Turn   | Place    | Note
-------+----------+-------------------------------------------
     0 | D:5      | dinky3 the Octopode Delver began the quest for the Orb.
     0 | D:5      | Reached XP level 1. HP: 16/16 MP: 1/1
     8 | D:5      | Found Loaxa's Armour Shoppe.
     8 | D:5      | Noticed a black bear
     8 | D:5      | Noticed a wight
     8 | D:5      | Noticed a wight
     8 | D:5      | Noticed a wight
     8 | D:5      | Noticed a wight
     8 | D:5      | Noticed a wight
    19 | D:5      | Noticed an iguana
    40 | D:5      | Noticed Menkaure
    57 | D:5      | Noticed a hound
    91 | D:4      | Found Zazuacet's Assorted Antiques.
    93 | D:4      | Noticed a hound
   114 | D:4      | Found Paudwor's Antique Weapon Boutique.
   137 | D:4      | Quit the game

Illustrated notes

Levels and vault maps discovered:
D:4:      layout_cave_pods, serial_shops, shop_statue, shop,
          nicolae_shop_overgrown_old_shop, ebering_ghost_sewer_d
D:5:      layout_rooms, kennysheep_windowed_goal, uniq_menkaure

Action                   || total
-------------------------++-------
Melee: Short sword       ||     2
  Use: Scroll            ||     2
       Potion            ||     1
Armor: Skin              ||     2
Dodge: Dodged            ||     9

Table legend: (Time is in decaauts)
 A = Elapsed time spent in this place.
 B = Non-inter-level travel time spent in this place.
 C = Inter-level travel time spent in this place.
 D = Time resting spent in this place.
 E = Time spent auto-exploring this place.
 F = Levels seen in this place.
 G = Mean time per level.
                   A        B        C        D        E       F      G
               +--------+--------+--------+--------+--------+-----+--------+
         Total |    116 |    116 |      0 |      0 |      0 |   2 |   58.0 |
       Dungeon |    116 |    116 |      0 |      0 |      0 |   2 |   58.0 |
               +--------+--------+--------+--------+--------+-----+--------+

Top non-repeatable levels by time:
     D:5: 84 daAuts
     D:4: 31 daAuts
